 Dungeon Crawl Stone Soup version 0.32-a0-871-ge202e49 (webtiles) character file.

Game seed: 12350708836694150529

1497069 Draconius the Sorcerer (level 26, 177/177 HPs)
             Began as a Gargoyle Earth Elementalist on Mar 28, 2024.
             Was an Initiate of Gozag.
             Escaped with the Orb
             ... and 3 runes on Mar 29, 2024!
             The game lasted 05:16:37 (81338 turns).

Draconius the Sorcerer (GrEE)                      Turns: 81338, Time: 05:16:38

Health: 177/177    AC: 33    Str: 19    XL:     26   Next: 13%
Magic:  42/49      EV: 13    Int: 38    God:    Gozag
Gold:   5245       SH: 13    Dex: 10    Spells: 7/70 levels left

rFire   + . .        c - staff of earth
rCold   + + .        I - +3 buckler {reflect}
rNeg    + . .        r - +3 troll leather armour
rPois   ∞            L - +0 hat "Ciyk" {Rampage Str+4}
rElec   +            i - scarf {rC+ rF+}
rCorr   .            n - +2 pair of gloves "Hehimox" {Str+2 Stlth+}
SInv    +            g - +2 pair of boots "Lur Nux" {rElec Int+3 SInv Stlth-}
Will    ++...        A - amulet of reflection
Stlth   +            K - ring of Pride {Wiz rC+ Int+2 SInv}
HPRegen 1.29/turn    N - ring "Veabbuw" {rElec Will+ Int+6}
MPRegen 0.31/turn

%: reflection, rampage, wizardry (x1)
@: flying, hasted, very quick
A: sickness immunity, AC +20, big wings, negative energy resistance 1,
electricity resistance, torment resistance 1, petrification resistance,
MP-powered wands
0: Orb of Zot
}: 3/15 runes: decaying, silver, gossamer
a: Renounce Religion, Potion Petition, Call Merchant, Bribe Branch


You escaped.
You worshipped Gozag.
Gozag was greatly pleased with you.
You visited 9 branches of the dungeon, and saw 45 of its levels.
You visited 1 bazaar.
You also visited: Sewer, Bailey and Gauntlet.

You collected 24991 gold pieces.
You spent 6369 gold pieces at shops.
You paid 13377 gold pieces to Gozag.

Inventory:

Hand Weapons
 B - the +6 broad axe of Extremism {freeze, rF+ Will+ Stlth+}
   (You took it off a minotaur in a Gauntlet)

   rF+:       It protects you from fire.
   Will+:     It increases your willpower.
   Stlth+:    It makes you more stealthy.
Armour
 f - a +2 robe of willpower
 g - the +2 pair of boots "Lur Nux" (worn) {rElec Int+3 SInv Stlth-}
   (You bought it in a shop on level 10 of the Dungeon)

   Int+3:     It affects your intelligence (+3).
   rElec:     It insulates you from electricity.
   SInv:      It lets you see invisible.
   Stlth-:    It makes you less stealthy.
 i - a scarf of resistance (worn)
 n - the +2 pair of gloves "Hehimox" (worn) {Str+2 Stlth+}
   (You found it on level 1 of the Spider Nest)

   Str+2:     It affects your strength (+2).
   Stlth+:    It makes you more stealthy.
 r - a +3 troll leather armour (worn)
 I - a +3 buckler of reflection (worn)
 L - the +0 hat "Ciyk" (worn) {Rampage Str+4}
   (You found it on level 5 of the Vaults)

   Str+4:     It affects your strength (+4).
   Rampage:   It bestows one free step when moving towards enemies.
Magical Staves
 c - a staff of earth (weapon)
Jewellery
 k - the ring of Secrets {rN++ Int+6}
   (You acquired it on level 2 of the Lair of Beasts)

   [ring of intelligence]

   Int+6:     It affects your intelligence (+6).
   rN++:      It greatly protects you from negative energy.
 y - a +6 ring of intelligence
 A - an amulet of reflection (around neck)
 K - the ring of Pride (left hand) {Wiz rC+ Int+2 SInv}
   (You found it on level 7 of the Dungeon)

   [ring of wizardry]

   Wiz:       It improves your spell success rate.
   Int+2:     It affects your intelligence (+2).
   rC+:       It protects you from cold.
   SInv:      It lets you see invisible.
 N - the ring "Veabbuw" (right hand) {rElec Will+ Int+6}
   (You acquired it on level 1 of the Spider Nest)

   [ring of intelligence]

   Int+6:     It affects your intelligence (+6).
   rElec:     It insulates you from electricity.
   Will+:     It increases your willpower.
Wands
 z - a wand of quicksilver (26)
 M - a wand of mindburst (26)
 Q - a wand of roots (16)
 U - a wand of charming (8)
 V - a wand of flame (42)
 Z - a wand of digging (10)
Scrolls
 a - 3 scrolls of enchant armour
 j - 26 scrolls of teleportation
 l - 10 scrolls of poison
 m - 8 scrolls of fear
 q - 6 scrolls of butterflies
 t - a scroll of revelation
 D - 2 scrolls of blinking
 G - 10 scrolls of enchant weapon
 H - 2 scrolls of torment
 P - 9 scrolls of immolation
 S - 2 scrolls of amnesia
 T - 4 scrolls of brand weapon
 W - 7 scrolls of fog
Potions
 b - 2 potions of magic
 d - 5 potions of haste
 e - 5 potions of ambrosia
 h - 25 potions of curing
 p - 5 potions of resistance
 u - 5 potions of mutation
 v - 8 potions of enlightenment
 w - 7 potions of brilliance
 C - 13 potions of heal wounds
 E - 4 potions of invisibility
 F - 7 potions of lignification
 R - 3 potions of berserk rage
 X - 4 potions of might
 Y - 4 potions of cancellation
Miscellaneous
 o - a Gell's gravitambourine (2/2)
 s - a phantom mirror
 x - a sack of spiders
 J - a condenser vane
 O - a lightning rod (4/4)


   Skills:
 + Level 21.2 Fighting
 - Level 8.0 Armour
 - Level 10.0 Dodging
 - Level 2.1 Stealth
 - Level 6.2 Shields
 * Level 22.5 Spellcasting
 - Level 9.0 Conjurations
 - Level 7.0 Summonings
 - Level 6.0 Necromancy
 - Level 5.0 Translocations
 - Level 15.0 Air Magic
 - Level 22.0 Earth Magic
 - Level 5.0 Alchemy
 + Level 11.6 Evocations


You had 7 spell levels left.
You knew the following spells:

 Your Spells              Type           Power      Damage    Failure   Level
a - Sandblast             Erth           100%       2d20      0%          1
b - Stone Arrow           Conj/Erth      100%       3d13      0%          3
c - Blink                 Tloc           100%       N/A       1%          2
d - Shatter               Erth           71%        3d52*     4%          9
e - Olgreb's Toxic Radia  Alch           69%        N/A       1%          4
f - Borgnjor's Vile Clut  Necr/Erth      61%        N/A       1%          5
g - Bombard               Conj/Erth      63%        9d10      1%          6
h - Death Channel         Necr           36%        N/A       4%          6
i - Yara's Violent Unrav  Hex/Alch       29%        3d12      3%          5
j - Maxwell's Capacitive  Air            51%        ∞         4%          8
k - Lehudib's Crystal Sp  Conj/Erth      63%        10d15     3%          8
l - Dispersal             Tloc           34%        N/A       6%          6

Your spell library contained the following spells:

 Spells                   Type           Power      Damage    Failure   Level
 Magic Dart               Conj           100%       1d8       0%          1
 Mercury Vapours          Alch/Air       100%       N/A       0%          2
 Passwall                 Erth           100%       N/A       0%          3
 Swiftness                Air            100%       N/A       0%          3
 Animate Armour           Summ/Erth      100%       N/A       0%          4
 Brom's Barrelling Bould  Conj/Erth      100%       2d11      0%          4
 Lee's Rapid Deconstruct  Erth           71%        3d32*     0%          5
 Slow                     Hex            100%       N/A       1%          1
 Sting                    Conj/Alch      100%       1d9       1%          1
 Summon Small Mammal      Summ           100%       N/A       1%          1
 Call Imp                 Summ           100%       N/A       1%          2
 Ensorcelled Hibernation  Hex/Ice        84%        N/A       1%          2
 Jinxbite                 Hex            84%        N/A       1%          2
 Lesser Beckoning         Tloc           100%       N/A       1%          2
 Momentum Strike          Conj/Tloc      100%       3d10      1%          2
 Searing Ray              Conj           100%       2d8       1%          2
 Call Canine Familiar     Summ           77%        N/A       1%          3
 Dazzling Flash           Conj/Hex       100%       N/A       1%          3
 Frozen Ramparts          Ice            84%        1d13      1%          3
 Fugue of the Fallen      Necr           73%        N/A       1%          3
 Inner Flame              Hex/Fire       42%        N/A       1%          3
 Mephitic Cloud           Conj/Alch/Air  86%        N/A       1%          3
 Ozocubu's Armour         Ice            42%        N/A       1%          3
 Sigil of Binding         Hex            42%        N/A       1%          3
 Tukima's Dance           Hex            42%        N/A       1%          3
 Volatile Blastmotes      Fire/Tloc      100%       2d18      1%          3
 Anguish                  Hex/Necr       30%        N/A       1%          4
 Dimensional Bullseye     Hex/Tloc       29%        N/A       1%          4
 Flame Wave               Conj/Fire      67%        2d15      1%          4
 Fulminant Prism          Conj/Alch      38%        3d17      1%          4
 Ignite Poison            Fire/Alch      58%        N/A       1%          4
 Iskenderun's Mystic Bla  Conj/Tloc      77%        2d15      (+2d81%     4
 Leda's Liquefaction      Alch/Erth      60%        N/A       1%          4
 Maxwell's Portable Pile  Tloc           69%        2d(15-30) 1%          4
 Passage of Golubria      Tloc           69%        N/A       1%          4
 Petrify                  Alch/Erth      100%       N/A       1%          4
 Sticky Flame             Fire/Alch      58%        2d10      1%          4
 Summon Blazeheart Golem  Fire/Summ      62%        N/A       1%          4
 Summon Lightning Spire   Summ/Air       90%        N/A       1%          4
 Vhi's Electric Charge    Tloc/Air       100%       N/A       1%          4
 Arcjolt                  Conj/Air       47%        1d57      1%          5
 Curse of Agony           Necr           73%        N/A       1%          5
 Fireball                 Conj/Fire      33%        3d14      1%          5
 Iskenderun's Battlesphe  Conj           84%        2d13      1%          5
 Silence                  Hex/Air        39%        N/A       1%          5
 Summon Forest            Summ/Tloc      36%        N/A       1%          5
 Conjure Ball Lightning   Conj/Air       47%        3x3d16    1%          6
 Permafrost Eruption      Ice/Erth       56%        2x4d16    1%          6
 Summon Mana Viper        Hex/Summ       62%        N/A       2%          5
 Plasma Beam              Fire/Air       39%        2x1d53    2%          6
 Summon Cactus Giant      Summ           38%        N/A       2%          6
 Cause Fear               Hex            21%        N/A       3%          4
 Eringya's Noxious Bog    Alch           34%        4d6       6%          6
 Gell's Gavotte           Tloc           34%        2d(26-39) 6%          6
 Orb of Destruction       Conj           42%        9d12      7%          7
 Metabolic Englaciation   Hex/Ice        21%        N/A       9%          5
 Spellforged Servitor     Conj/Summ      40%        N/A       11%         7
 Summon Hydra             Summ           38%        N/A       16%         7
 Sculpt Simulacrum        Ice/Alch       29%        N/A       17%         6
 Manifold Assault         Tloc           34%        N/A       32%         7
 Enfeeble                 Hex            21%        N/A       92%         7
 Ozocubu's Refrigeration  Ice            21%        4d12      92%         7
 Chain Lightning          Conj/Air       47%        3d62      90%         9
 Disjunction              Tloc           34%        N/A       92%         8
 Discord                  Hex            21%        N/A       100%        8
 Ignition                 Fire           21%        3d8       100%        8
 Dragon's Call            Summ           38%        N/A       100%        9
 Fire Storm               Conj/Fire      33%        8d9       100%        9
 Sublimation of Blood     Necr           Unusable   N/A       N/A         2
 Animate Dead             Necr           Unusable   N/A       N/A         4

Dungeon Overview and Level Annotations

Branches:
Dungeon (15/15)            Temple (1/1) D:6            Lair (5/5) D:10
  Swamp (4/4) Lair:3       Spider (4/4) Lair:3        Slime (0/5) Lair:4
    Orc (2/2) D:12            Elf (0/3) Orc:2        Vaults (5/5) D:14
  Crypt (0/3) Vaults:2     Depths (4/4) D:15            Zot (5/5) Depths:4
  Sewer (visited)          Bailey (visited)         Gauntlet (visited)

Altars:
Ashenzari
Cheibriados
Dithmenos
Elyvilon
Fedhas
Gozag
Hepliaklqana
Kikubaaqudgha
Makhleb
Nemelex Xobeh
Okawaru
Qazlal
Ru
Sif Muna
Trog
Uskayaw
Vehumet
Wu Jian
Xom
Yredelemnul
Zin
The Shining One
Lugonu

Shops:
D:1 *   D:3 (?(!   D:4 *   D:10 [*!   Orc:2 !:[(   Vaults:1 **   Vaults:5 [?[
Depths:1 =((   Depths:2 *

Portals:
Hell: Depths:1 Depths:2 Depths:3 Depths:4
Abyss: Depths:2 Depths:3
Pandemonium: Depths:1 Depths:2
Ziggurat: Depths:2

Annotations:
D:5 2 transporters, korenl137's ghost, novice KoEn
D:11 exclusion: obsidian statue
Lair:1 exclusion: catoblepas
Depths:3 4 runed translucent doors


Innate Abilities, Weirdness & Mutations

You are immune to sickness and miasma.
Your stone body is resilient. (AC +20)
You are immune to poison.
Your large and strong wings let you fly.
You resist negative energy. (rN+)
You are resistant to electric shocks. (rElec)
You are resistant to unholy torment.
You are immune to petrification.
You expend magic power (3 MP) to strengthen your wands.


Message History

There is a stone staircase leading up here.
You fly upwards.
Level annotation: 2 transporters, korenl137's ghost, novice KoEn
There is a stone staircase leading down here.
There is a stone staircase leading up here.
You fly upwards.
There is a stone staircase leading down here.
There is an open door here.
There is an open door here.
There is a stone staircase leading up here.
You fly upwards.
There is a stone staircase leading down here.
What level of the Dungeon? (default 4, ? - help)
You see here 6 stones.
There is a stone staircase leading up here.
You fly upwards.
There is a stone staircase leading down here.
You see here a rat skeleton.
There is a stone staircase leading up here.
You fly upwards.
There is a stone staircase leading down here.
A red devil and an ufetubus come into view.
The red devil is wielding a +2 trident of flaming.
The ufetubus shouts!
You feel yourself speed up.
Ameev comes into view.
Press: ? - help, v - describe, . - travel The floor.
This square is covered in magical glow.
Unknown command.
Blink to where?
Press: ? - help, Dir - move target
As you read the scroll of blinking, it crumbles to dust.
Casting: Dispersal (dangerous; 6% risk of failure)
Confirm with . or Enter, or press ? or * to list all spells.
You feel a surge of power!
The dungeon rumbles!
Ka-crash!
There is a staircase leading out of the dungeon here.
You can't go down here!
You have escaped!

#.......>......#
....#######....#
...#....###....###########
#.###...##.....##........#
#.###......~♣.♣♣♣♣♣♣♣~.#.#
..........~~≈♣≈≈≈♣♣≈♣~~#.#
#.#.#.....♣.~~~~~~~~~≈♣#.#
....##.....≈~~~~~~~~~≈♣#.#
...###....♣♣~~~~@~~~~≈♣#.#
...##..##.5≈~~~~~~~~~♣♣..#
..#...###..≈~~~~~~~~~≈♣.##
....####..~~≈..♣≈♣♣≈≈~~.#
#..## #.#..~♣♣♣♣♣♣♣♣♣~..#
...######..........####.#####
............................#
.........####..########..##.#
..........# #.## #.###.###


You could see an ufetubus.

Vanquished Creatures
  A dread lich (Vaults:5)
  A juggernaut (Depths:2)
  Vv (Depths:2)
  Bai Suzhen (Depths:2)
  Margery (Vaults:2)
  A curse toe (Zot:1)
  5 golden dragons
  Nikola (Spider:4)
  2 bone dragons (Depths:4)
  2 electric golems (Zot:1)
  13 tentacled monstrosities
  A hellephant (Vaults:2)
  Rupert (D:12)
  4 Orb Guardians
  Mlioglotl (Spider:1)
  A walking frostbound tome (Depths:3)
  4 liches
  3 titans
  4 quicksilver dragons
  5 sphinxes
  3 death cobs
  2 Executioners
  Kirke (D:15)
  Frances (D:14)
  4 tengu reavers (Vaults:5)
  9 shadow dragons
  10 storm dragons
  4 azure jellies
  2 rockslimes (Depths:3)
  3 draconian monks
  Aizul (Vaults:1)
  3 draconian knights
  2 protean progenitors (Zot:4)
  18 vault wardens
  14 frost giants
  A deep elf sorcerer (Vaults:5)
  3 draconian shifters
  9 fire giants
  8 emperor scorpions (Spider:4)
  3 draconian scorchers
  11 ghost moths
  2 spriggan defenders
  3 orc warlords
  2 draconian stormcallers
  22 ironbound preservers
  A quicksilver ooze (Depths:3)
  5 broodmothers
  2 ghouls
  3 draconian annihilators
  24 very ugly things
  5 formless jellyfish
  5 ironbound thunderhulks
  7 vampire knights
  19 stone giants
  3 eleionomae
  3 green draconians
  5 black draconians
  2 white draconians
  3 spark wasps
  6 yellow draconians
  3 bunyips
  3 purple draconians
  3 red draconians
  8 dire elephants
  A minotaur (Gauntlet)
  2 lorocyprocas (Depths:1)
  2 war gargoyles
  5 ettins
  Snorg (Lair:5)
  8 fire dragons
  A blizzard demon (Depths:2)
  9 entropy weavers
  18 yaktaur captains
  An entropy weaver (shapeshifter) (D:14)
  3 deep elf high priests
  2 shambling mangroves
  Josephine (D:13)
  3 crystal guardians
  18 great orbs of eyes
  33 vault guards
  A hell beast (Depths:1)
  An ogre mage (Orc:2)
  3 jorogumos (Spider:4)
  5 radroaches
  7 ice dragons
  7 rakshasas
  3 peacekeepers
  8 alligators
  16 hydras
  4 spriggan air magi
  2 catoblepae
  3 ironbound frosthearts (Vaults:4)
  8 death yaks
  7 deep troll shamans
  5 boulder beetles
  23 centaur warriors
  11 two-headed ogres
  4 tengu warriors
  3 deep troll earth magi
  Urug (Orc:1)
  A hell hog (Depths:1)
  3 vampire magi
  10 demonic crawlers
  5 spriggan berserkers
  3 sun demons
  4 orc high priests (Orc:2)
  4 soul eaters
  31 hell knights
  6 skeletal warriors
  A shadow wraith (Vaults:5)
  3 iron trolls
  2 goliath frogs
  A golden dragon zombie (Depths:2)
  9 pharaoh ants
  A sun moth (Spider:1)
  A mana viper (shapeshifter) (Vaults:5)
  2 glowing orange brains
  3 spriggan druids
  22 ironbound convokers
  25 slime creatures
  7 swamp dragons
  12 arcanists
  A glowing orange brain (shapeshifter) (Depths:3)
  17 orb spiders
  A flayed ghost (Depths:3)
  5 bog bodies
  4 large abominations
  56 deep trolls
  11 steelbarb worms
  13 lindwurms
  An obsidian bat (Orc:1)
  6 wolf spider zombies (Spider:2)
  4 harpies
  3 deep elf pyromancers
  66 ugly things
  10 necromancers
  3 shining eyes (Depths:3)
  7 orc sorcerers
  3 phantasmal warriors
  19 orc knights
  26 wolf spiders
  3 manticores
  16 moths of wrath
  A frost giant zombie (Depths:2)
  4 will-o-the-wisps
  A cyclops (D:11)
  3 salamanders (Depths:1)
  6 meliai (D:15)
  8 elephants
  8 black mambas
  3 kobold blastminers
  A torpor snail (shapeshifter) (Vaults:5)
  A meliai (shapeshifter) (D:14)
  16 vault sentinels
  An ice statue (Gauntlet)
  A molten gargoyle (Depths:1)
  A gargoyle (D:7)
  14 cane toads
  3 torpor snails
  A hellion (Depths:2)
  A cane toad (shapeshifter) (Depths:2)
  A kobold demonologist (D:13)
  12 komodo dragons
  3 unseen horrors
  8 rime drakes
  11 redback zombies (Spider:2)
  31 yaktaurs
  4 tengu conjurers
  4 trolls
  An ice devil (D:11)
  2 bloated husks
  A polar bear (shapeshifter) (D:14)
  7 tyrant leeches
  19 tarantellas
  14 hornets
  26 blink frogs
  6 polar bears
  4 culicivora zombies (Spider:2)
  A glass eye (Depths:3)
  7 tarantella zombies (Spider:2)
  A snapping turtle (shapeshifter) (Vaults:5)
  37 jumping spiders
  A shadow (D:14)
  Sigmund (D:2)
  6 wraiths
  6 wyverns
  75 yaks
  19 culicivoras
  17 spriggans
  A human (D:15)
  A vampire (D:10)
  5 hogs (D:15)
  A yak (shapeshifter) (Vaults:5)
  3 golden eyes
  4 basilisks
  77 redbacks
  2 wargs
  13 vampire mosquitoes
  A glowing shapeshifter zombie (Depths:2)
  An acid dragon (D:13)
  16 swamp worms
  15 water moccasins
  Duvessa (D:4)
  7 swamp drakes
  27 orc warriors
  A sky beast (D:6)
  3 laughing skulls
  7 ogres
  4 black bears
  19 boggarts
  28 wolves
  4 centaurs
  4 kobold brigands (Bailey)
  12 bullfrogs
  A gnoll sergeant (D:8)
  3 scorpions
  Dowan (D:4)
  9 killer bees
  3 howler monkeys
  An electric eel (D:11)
  3 jellies
  A hound (D:3)
  18 orc priests
  25 orc wizards
  2 iguanas (D:7)
  5 hell rats (Lair:4)
  11 adders
  3 gnolls (D:8)
  3 shadow imps (Gauntlet)
  A ribbon worm (shapeshifter) (D:15)
  11 dart slugs
  3 ribbon worms
  80 orcs
  12 ball pythons
  5 endoplasms
  5 giant cockroaches (Sewer)
  6 hobgoblins
  17 kobolds
  6 quokkas
  5 bats
  12 frilled lizards
  11 goblins
  7 rats
  2 aspiring fleshes (Zot:4)
  A butterfly (D:6)
1894 creatures vanquished.

Vanquished Creatures (collateral kills)
  An orb of fire (Zot:5)
  A juggernaut (Depths:4)
  2 golden dragons (Zot:5)
  An electric golem (Zot:5)
  7 Orb Guardians (Zot:5)
  A titan (Vaults:5)
  4 shadow dragons
  A storm dragon (Zot:4)
  2 tengu reavers (Vaults:5)
  4 frost giants
  A fire giant (Depths:1)
  An emperor scorpion (Spider:4)
  4 very ugly things (Depths:4)
  An ettin (Vaults:5)
  5 fire dragons
  2 ice dragons
  3 hydras (Swamp:4)
  A great orb of eyes (Vaults:5)
  An alligator (Swamp:4)
  A centaur warrior (Vaults:3)
  A deep troll shaman (Depths:3)
  2 soul eaters (Depths:1)
  An occultist (Depths:1)
  3 deep trolls
  A pharaoh ant (Spider:4)
  A swamp dragon (Swamp:4)
  5 ugly things
  A vault sentinel (Vaults:4)
  2 moths of wrath (Zot:5)
  6 smoke demons (Depths:1)
  A torpor snail (Spider:1)
  A minotaur zombie (Gauntlet)
  3 tyrant leeches
  A hornet (Swamp:4)
  10 slime creatures
  A jumping spider (Spider:4)
  A spriggan (Swamp:4)
  A spriggan (shapeshifter) (Vaults:5)
  A redback (Spider:4)
  2 vampire mosquitoes (Swamp:3)
  A swamp worm (Swamp:4)
  A swamp drake (Swamp:4)
  A nameless horror (Spider:4)
92 creatures vanquished.

Vanquished Creatures (others)
  2 dread liches (Zot:5)
  2 orbs of fire (Zot:5)
  An ancient lich (Zot:5)
  4 Killer Klowns (Zot:5)
  An Ice Fiend (Zot:5)
  10 Orb Guardians (Zot:5)
  2 protean progenitors (Zot:5)
  2 green draconians (Zot:5)
  A soul eater (Depths:1)
  2 goliath frogs (Zot:5)
  An orb spider (Spider:4)
  A swamp worm (Swamp:2)
  An orc priest (Orc:2)
  An orc wizard (Orc:2)
  23 foxfires
  4 snaplasher vines
58 creatures vanquished.

Grand Total: 2044 creatures vanquished

Notes
Turn   | Place    | Note
-------+----------+-------------------------------------------
     0 | D:1      | Draconius the Gargoyle Earth Elementalist began the quest
                  | for the Orb.
     0 | D:1      | Reached XP level 1. HP: 10/10 MP: 3/3
   294 | D:1      | Reached XP level 2. HP: 15/15 MP: 1/5
   655 | D:1      | Found a faded altar of an unknown god.
   769 | D:1      | Found Gewesea's General Store.
   778 | D:1      | Bought a potion of curing for 39 gold pieces
   961 | D:2      | Found a glowing golden altar of the Shining One.
   975 | D:2      | Became a worshipper of the Shining One
   978 | D:2      | Reached XP level 3. HP: 19/19 MP: 6/6
   982 | D:2      | Learned a level 3 spell: Stone Arrow
  1021 | D:2      | Noticed Sigmund
  1056 | D:2      | Reached skill level 5 in Earth Magic
  1304 | D:2      | Reached XP level 4. HP: 24/24 MP: 4/7
  1361 | D:2      | Killed Sigmund
  1362 | D:2      | Reached XP level 5. HP: 28/28 MP: 5/8
  1362 | D:2      | Reached XP level 6. HP: 32/32 MP: 5/9
  1368 | D:2      | Learned a level 2 spell: Blink
  1905 | D:3      | Found Teguhiup's Magic Scroll Shop.
  1908 | D:3      | Bought a scroll of identify for 26 gold pieces
  1931 | D:3      | Found an opulent altar of Gozag.
  1941 | D:3      | Fell from the grace of the Shining One
  1941 | D:3      | Became a worshipper of Gozag Ym Sagoz the Greedy
  1952 | D:3      | Found Omyjiokk's Distillery.
  2063 | D:3      | Found Anamy's Weapon Emporium.
  2134 | D:3      | Found a glowing drain.
  2138 | Sewer    | Entered a sewer
  2568 | Sewer    | Reached skill level 1 in Fighting
  2572 | Sewer    | Reached skill level 1 in Translocations
  2572 | Sewer    | Reached XP level 7. HP: 19/38 MP: 4/10
  2580 | Sewer    | Identified the +6 arbalest of Soloqef {heavy, rElec rF- rN+
                  | SInv}
  3006 | D:3      | Found Tohunt's Weapon Boutique.
  3150 | D:3      | Bought a potion of heal wounds for 60 gold pieces
  3442 | D:3      | Found a glowing golden altar of the Shining One.
  3642 | D:3      | Bought a scroll of blinking for 97 gold pieces
  3663 | D:3      | Upgraded the game from 0.32-a0-864-gc35c0dd to
                  | 0.32-a0-868-g153ae1a
  4161 | D:4      | Found Guigis's General Store.
  4180 | D:4      | Bought a scroll of identify for 28 gold pieces
  4182 | D:4      | Bought a +2 pair of boots for 231 gold pieces
  4201 | D:4      | Reached skill level 1 in Armour
  4319 | D:4      | Noticed Duvessa
  4319 | D:4      | Noticed Dowan
  4539 | D:4      | Killed Dowan
  4571 | D:4      | Killed Duvessa
  4572 | D:4      | Reached XP level 8. HP: 36/45 MP: 1/12
  4992 | D:5      | Entered Level 5 of the Dungeon
  5106 | D:5      | Found an iron altar of Okawaru.
  5248 | D:5      | Reached skill level 5 in Conjurations
  5424 | D:5      | Found a transporter.
  5583 | D:5      | Found a transporter.
  5583 | D:5      | Noticed korenl137's ghost (novice KoEn)
  5585 | D:5      | Noticed a yak
  5832 | D:6      | Found a stormy altar of Qazlal.
  5972 | D:6      | Reached skill level 1 in Alchemy
  6162 | D:6      | Reached XP level 9. HP: 52/52 MP: 12/15
  6225 | D:6      | Found a staircase to the Ecumenical Temple.
  6232 | Temple   | Entered the Ecumenical Temple
  6282 | D:6      | Found a shimmering blue altar of Sif Muna.
  6406 | D:7      | Found a flagged portal.
  6419 | Bailey   | Entered a bailey
  6513 | Bailey   | Learned a level 2 spell: Mercury Vapours
  6626 | Bailey   | Reached skill level 1 in Air Magic
  6742 | Bailey   | Found a bloodstained altar of Trog.
  6908 | D:7      | Identified the ring of Pride {Wiz rC+ Int+2 SInv}
  6917 | D:7      | Learned a level 4 spell: Olgreb's Toxic Radiance
  6929 | D:7      | Reached skill level 5 in Fighting
  7004 | D:7      | Noticed a gargoyle
  7008 | D:7      | Killed a gargoyle
  7009 | D:7      | Reached skill level 5 in Spellcasting
  7214 | D:7      | You fall into a shaft and drop 3 floors!
  7214 | D:10     | Entered Level 10 of the Dungeon
  7734 | D:8      | Reached XP level 10. HP: 60/60 MP: 12/18
  7848 | D:8      | Found a sacrificial altar of Ru.
  8160 | D:9      | Reached skill level 10 in Earth Magic
  8729 | D:9      | Noticed a two-headed ogre
  8742 | D:9      | Killed a two-headed ogre
  9256 | D:9      | Noticed a two-headed ogre
  9268 | D:9      | Killed a two-headed ogre
  9269 | D:9      | Reached XP level 11. HP: 67/67 MP: 1/21
  9674 | D:10     | Reached skill level 5 in Alchemy
  9815 | D:10     | Found a staircase to the Lair.
  9916 | D:10     | Reached skill level 1 in Shields
  9924 | D:10     | Reached skill level 1 in Evocations
 10219 | D:10     | Found Zakoil's Distillery.
 10222 | D:10     | Bought a potion of experience for 800 gold pieces
 10222 | D:10     | Reached XP level 12. HP: 76/76 MP: 22/25
 10413 | D:10     | Noticed a two-headed ogre
 10431 | D:10     | Killed a two-headed ogre
 10706 | D:10     | Reached skill level 5 in Shields
 11141 | D:3      | Bought a scroll of amnesia for 52 gold pieces
 11141 | D:3      | Bought a scroll of fog for 52 gold pieces
 11181 | D:1      | Bought a potion of might for 52 gold pieces
 11410 | Lair:1   | Entered Level 1 of the Lair of Beasts
 12034 | Lair:1   | Reached skill level 10 in Spellcasting
 12262 | Lair:1   | Noticed a boulder beetle
 12272 | Lair:1   | Reached XP level 13. HP: 71/82 MP: 16/27
 12286 | Lair:1   | Reached skill level 10 in Fighting
 13290 | Lair:2   | Reached skill level 5 in Evocations
 14720 | D:11     | Identified the +4 trident of the Ghostly God {pain, rElec
                  | Int+3}
 15674 | D:12     | Found a staircase to the Orcish Mines.
 15685 | Orc:1    | Entered Level 1 of the Orcish Mines
 15726 | Orc:1    | Noticed Urug
 15733 | Orc:1    | Killed Urug
 16121 | Orc:2    | Entered Level 2 of the Orcish Mines
 16464 | Orc:2    | Paralysed by an orc sorcerer for 2 turns
 16685 | Orc:2    | Gained mutation: Your large and strong wings let you fly.
                  | [Gargoyle growth]
 16685 | Orc:2    | Reached XP level 14. HP: 44/90 MP: 6/30
 17025 | Orc:2    | Found a staircase to the Elven Halls.
 17353 | Orc:2    | Found Heul's Distillery.
 17353 | Orc:2    | Found Ebyczum's Antique Weapon Boutique.
 17355 | Orc:2    | Found Vabipu's Book Shoppe.
 17355 | Orc:2    | Found Mujask's Antique Armour Boutique.
 17361 | Orc:2    | Bought a potion of lignification for 39 gold pieces
 17361 | Orc:2    | Bought 2 potions of curing for 78 gold pieces
 17361 | Orc:2    | Bought a potion of heal wounds for 65 gold pieces
 17370 | Orc:2    | Bought a book of Unlife for 432 gold pieces
 17376 | Orc:2    | Learned a level 5 spell: Borgnjor's Vile Clutch
 18140 | Orc:1    | Reached skill level 1 in Necromancy
 18709 | D:4      | Bought a book of Movement for 560 gold pieces
 18716 | D:4      | Learned a level 6 spell: Bombard
 19864 | Lair:2   | Identified a scroll of acquirement
 19865 | Lair:2   | Acquired the ring of Secrets {rN++ Int+6}
 20401 | Lair:3   | Found a gate leading to a gauntlet.
 20403 | Lair:3   | Identified the +0 fire dragon scales of the Dull Mertaur
                  | {rF++ rC- rCorr Int+2 Stlth-}
 20432 | Gauntlet | Entered a Gauntlet
 20432 | Gauntlet | Found a transporter.
 20432 | Gauntlet | Found a transporter.
 20432 | Gauntlet | Found a transporter.
 20457 | Gauntlet | Found a transporter.
 20461 | Gauntlet | Found a transporter.
 20462 | Gauntlet | Found a transporter.
 20477 | Gauntlet | Found a transporter.
 20478 | Gauntlet | Found a runed translucent door.
 20485 | Gauntlet | Found a transporter.
 20486 | Gauntlet | Found a transporter.
 20489 | Gauntlet | Found a transporter.
 20503 | Gauntlet | Found a runed translucent gate.
 20505 | Gauntlet | Found a runed translucent gate.
 20505 | Gauntlet | Found a transporter.
 20506 | Gauntlet | Found a runed translucent gate.
 20509 | Gauntlet | Found a transporter.
 20865 | Gauntlet | Identified the ring "Siaph" {rF+ Str+5 Int-3 Dex+4}
 21011 | Gauntlet | Identified the +6 broad axe of Extremism {freeze, rF+ Will+
                  | Stlth+}
 21141 | Gauntlet | Identified the +8 mace of the Hummingbird {vamp, Str+2
                  | Int+2 Dex+3}
 21141 | Gauntlet | Identified the +0 pair of boots of Gallantry {Harm rPois
                  | Int+2}
 21249 | Lair:3   | Learned a level 4 spell: Ignite Poison
 21280 | Lair:3   | Found a staircase to the Swamp.
 22133 | Lair:3   | Found a hole to the Spider Nest.
 22440 | Lair:3   | Reached XP level 15. HP: 97/97 MP: 14/32
 22822 | Lair:3   | Learned a level 5 spell: Iskenderun's Battlesphere
 23473 | Lair:4   | Reached skill level 15 in Earth Magic
 23612 | Lair:4   | Found a staircase to the Slime Pits.
 24184 | Lair:5   | Entered Level 5 of the Lair of Beasts
 25532 | Lair:5   | Noticed Snorg
 25541 | Lair:5   | Killed Snorg
 27224 | D:10     | Bought a potion of cancellation for 128 gold pieces
 27224 | D:10     | Bought a potion of curing for 48 gold pieces
 27224 | D:10     | Bought a potion of curing for 48 gold pieces
 27224 | D:10     | Bought a potion of heal wounds for 80 gold pieces
 27234 | D:10     | Bought a potion of magic for 160 gold pieces
 27234 | D:10     | Bought an embroidered robe for 74 gold pieces
 27234 | D:10     | Bought a scroll of fear for 80 gold pieces
 27237 | D:10     | Bought a +1 pair of gloves of dexterity for 214 gold pieces
 27237 | D:10     | Bought a +2 cloak of preservation for 279 gold pieces
 27237 | D:10     | Bought the +2 pair of boots "Lur Nux" {rElec Int+3 SInv
                  | Stlth-} for 488 gold pieces
 27554 | D:12     | Noticed Rupert
 27560 | D:12     | Killed Rupert
 29144 | D:13     | Noticed Josephine
 29151 | D:13     | Killed Josephine
 29948 | D:13     | Reached XP level 16. HP: 103/104 MP: 8/34
 30829 | D:14     | Reached skill level 1 in Summonings
 30849 | D:14     | Identified the ring of Moodiness {*Corrode rPois Will+
                  | SInv}
 30849 | D:14     | Noticed Frances
 30856 | D:14     | Killed Frances
 30857 | D:14     | Reached skill level 5 in Armour
 31413 | D:14     | Found a gate to the Vaults.
 31484 | D:14     | Found a shadowy altar of Dithmenos.
 31545 | D:14     | Found a white marble altar of Elyvilon.
 31545 | D:14     | Found a glowing silver altar of Zin.
 31546 | D:14     | Found a glowing golden altar of the Shining One.
 31732 | D:15     | Entered Level 15 of the Dungeon
 31744 | D:15     | Reached skill level 5 in Air Magic
 31913 | D:15     | Noticed Kirke
 31921 | D:15     | Killed Kirke
 33357 | D:15     | Found a sacrificial altar of Ru.
 33830 | D:15     | Found a staircase to the Depths.
 33857 | D:15     | Learned a level 5 spell: Summon Forest
 34071 | Swamp:1  | Entered Level 1 of the Swamp
 35792 | Swamp:2  | Reached XP level 17. HP: 103/111 MP: 22/35
 37715 | Swamp:3  | Learned a level 6 spell: Summon Cactus Giant
 37717 | Swamp:4  | Entered Level 4 of the Swamp
 37777 | Swamp:4  | Identified the +0 chain mail of Midwinter {Will+ Str+2
                  | Stlth+}
 38954 | Swamp:4  | Got a decaying rune of Zot
 39840 | Spider:1 | Entered Level 1 of the Spider Nest
 40904 | Lair:3   | Reached skill level 15 in Spellcasting
 41299 | Spider:1 | Reached XP level 18. HP: 72/118 MP: 3/37
 41510 | Spider:1 | Reached skill level 15 in Fighting
 41643 | Spider:1 | Reached skill level 5 in Summonings
 42461 | Spider:1 | Identified the +2 pair of gloves "Hehimox" {Str+2 Stlth+}
 42480 | Spider:1 | Acquired the ring "Veabbuw" {rElec Will+ Int+6}
 43896 | Spider:2 | Noticed Mlioglotl
 44141 | Spider:1 | Killed Mlioglotl
 45993 | Spider:3 | Identified the +1 leather armour of the Furrier {Harm Will-
                  | Int+2 SInv}
 46796 | Spider:3 | Learned a level 9 spell: Shatter
 46802 | Spider:4 | Entered Level 4 of the Spider Nest
 47868 | Spider:4 | Reached XP level 19. HP: 112/125 MP: 4/38
 48401 | Spider:4 | Noticed Nikola
 48421 | Spider:4 | Killed Nikola
 51599 | Spider:4 | Identified the +1 hat "Urghefylo" {rPois rF- Int+2 Stlth+}
 51602 | Spider:4 | Got a gossamer rune of Zot
 52130 | Vaults:1 | Entered Level 1 of the Vaults
 52450 | Vaults:1 | Bought a scroll of revelation for 337 gold pieces
 52461 | Vaults:1 | Learned a level 5 spell: Yara's Violent Unravelling
 53073 | Vaults:1 | Found Qiykeiwn's General Store.
 53073 | Vaults:1 | You are sucked into a shaft and drop 1 floor!
 53412 | Vaults:2 | Reached XP level 20. HP: 97/132 MP: 11/40
 53760 | Vaults:2 | Identified the +7 short sword "Kiaciahucw" {holy, Int+6}
 53821 | Vaults:2 | Reached skill level 10 in Air Magic
 54133 | Vaults:2 | Noticed a hellephant
 54134 | Vaults:2 | Found a staircase to the Crypt.
 54137 | Vaults:2 | Noticed Margery
 54144 | Vaults:2 | Killed a hellephant
 54380 | Vaults:2 | Killed Margery
 54805 | Vaults:1 | Bought a scroll of poison for 56 gold pieces
 54805 | Vaults:1 | Bought a scroll of butterflies for 56 gold pieces
 55324 | Vaults:1 | Identified the serpent talisman of the Mind {rC+ Dex+3}
 55324 | Vaults:1 | Noticed Aizul
 55335 | Vaults:1 | Killed Aizul
 58599 | Vaults:2 | Upgraded the game from 0.32-a0-868-g153ae1a to
                  | 0.32-a0-870-g877066f
 58944 | Vaults:3 | Reached XP level 21. HP: 130/139 MP: 22/42
 59024 | Vaults:3 | Learned a level 8 spell: Maxwell's Capacitive Coupling
 64452 | Vaults:4 | Learned a level 6 spell: Death Channel
 64458 | Vaults:5 | Entered Level 5 of the Vaults
 64460 | Vaults:5 | Reached XP level 22. HP: 147/147 MP: 34/44
 64478 | Vaults:5 | Noticed a golden dragon
 64486 | Vaults:5 | Noticed a dread lich
 64487 | Vaults:5 | Killed a golden dragon
 64488 | Vaults:5 | Killed a dread lich
 64498 | Vaults:5 | Reached skill level 5 in Necromancy
 64498 | Vaults:5 | Noticed a golden dragon
 64504 | Vaults:5 | Identified the +4 spear of Blind Justice {drain, rC+ rCorr}
 64519 | Vaults:5 | Killed a golden dragon
 64520 | Vaults:5 | Reached XP level 23. HP: 94/153 MP: 15/46
 65565 | Vaults:5 | Found Iheih's Antique Armour Shop.
 65568 | Vaults:5 | Found Ycsot's Armour Shoppe.
 65573 | Vaults:5 | Bought a glowing troll leather armour for 792 gold pieces
 65713 | Vaults:5 | Identified the +6 spear "Hiddos" {pain, Stlth+}
 65720 | Vaults:5 | Got a silver rune of Zot
 65723 | Vaults:5 | Got the Exposition on the Whammy
 65775 | Vaults:5 | Identified the +0 hat "Ciyk" {Rampage Str+4}
 65997 | Vaults:5 | Identified the staff of Wrongful Imprisonment {rElec rPois
                  | Necro Alchemy}
 66095 | Vaults:5 | Found Ikkamm's Magic Scroll Shoppe.
 66104 | Vaults:5 | Got the Disquisition on Injury
 66106 | Vaults:5 | Bought a scroll of fog for 68 gold pieces
 66106 | Vaults:5 | Bought a scroll of blinking for 127 gold pieces
 66106 | Vaults:5 | Bought a scroll of revelation for 127 gold pieces
 66106 | Vaults:5 | Bought a scroll of amnesia for 68 gold pieces
 66106 | Vaults:5 | Bought a scroll of fog for 68 gold pieces
 66331 | Depths:1 | Entered Level 1 of the Depths
 66349 | Depths:1 | Found a hide-covered altar of Uskayaw.
 66358 | Depths:1 | Found Teoma Gaokh's Antique Weapon Shoppe.
 66400 | Depths:1 | Found a flickering gateway to a bazaar.
 66411 | Bazaar   | Entered a bazaar
 66547 | Bazaar   | Found Vyfat's Magic Scroll Emporium.
 66555 | Bazaar   | Bought a scroll of butterflies for 72 gold pieces
 66565 | Bazaar   | Found Xeafiuvu's Weapon Emporium.
 66592 | Bazaar   | Found Ynkymuz's Assorted Antiques.
 66598 | Bazaar   | Bought a potion of brilliance for 56 gold pieces
 66598 | Bazaar   | Bought a potion of magic for 112 gold pieces
 66608 | Bazaar   | Found Ithug's General Store.
 66614 | Bazaar   | Bought a scroll of teleportation for 21 gold pieces
 66614 | Bazaar   | Bought a scroll of teleportation for 21 gold pieces
 66614 | Bazaar   | Bought a scroll of enchant armour for 52 gold pieces
 67483 | Depths:1 | Found a gateway to Hell.
 67626 | Depths:1 | Learned a level 6 spell: Dispersal
 67981 | Depths:1 | Found Duujoli's Magic Scroll Shoppe.
 68025 | Depths:1 | Found Kuilok Mize's Weapon Shop.
 68245 | Depths:1 | Found Gosuhes's Jewellery Shoppe.
 68306 | Depths:1 | Found a one-way gate leading to the halls of Pandemonium.
 69105 | Depths:2 | Reached skill level 5 in Dodging
 69121 | Depths:2 | Reached skill level 5 in Translocations
 69465 | Depths:2 | Noticed a golden dragon
 69914 | Depths:2 | Found Oxuemen's General Store.
 70079 | Depths:2 | Noticed Vv
 70085 | Depths:2 | Killed Vv
 70426 | Depths:2 | Killed a golden dragon
 70707 | Depths:2 | Noticed Bai Suzhen
 70718 | Depths:2 | Killed Bai Suzhen
 70980 | Depths:2 | Reached XP level 24. HP: 161/161 MP: 1/47
 71120 | Depths:2 | Noticed a juggernaut
 71124 | Depths:2 | Killed a juggernaut
 71400 | Depths:2 | Bought a potion of brilliance for 56 gold pieces
 71400 | Depths:2 | Bought a potion of enlightenment for 70 gold pieces
 71429 | Depths:2 | Reached skill level 15 in Air Magic
 71944 | Depths:2 | Found a one-way gateway to a ziggurat.
 71993 | Depths:2 | Found a corrupted altar of Lugonu.
 71993 | Depths:2 | Found a one-way gate to the infinite horrors of the Abyss.
 72230 | Depths:3 | Gained mutation: You expend magic power (3 MP) to
                  | strengthen your wands. [a shining eye]
 73416 | Depths:3 | Found a large runed translucent door.
 73427 | Depths:3 | Found a large runed translucent door.
 73693 | Depths:3 | Learned a level 8 spell: Lehudib's Crystal Spear
 74455 | Depths:3 | You are sucked into a shaft and drop 1 floor!
 74455 | Depths:4 | Entered Level 4 of the Depths
 74468 | Depths:4 | Noticed a juggernaut
 74475 | Depths:4 | Killed a juggernaut
 74857 | Depths:4 | Upgraded the game from 0.32-a0-870-g877066f to
                  | 0.32-a0-871-ge202e49
 75284 | Depths:4 | Reached skill level 10 in Evocations
 75695 | Depths:3 | Found a large runed translucent door.
 75699 | Depths:3 | Found a large runed translucent door.
 75699 | Depths:3 | Found a large runed translucent door.
 75700 | Depths:3 | Found a large runed translucent door.
 75749 | Depths:3 | Found a large runed translucent door.
 75750 | Depths:3 | Found a large runed translucent door.
 75872 | Depths:3 | Reached XP level 25. HP: 168/168 MP: 24/48
 76604 | Depths:4 | Paralysed by a sphinx for 2 turns
 77437 | Depths:4 | Found a gate to the Realm of Zot.
 77686 | Zot:1    | Entered Level 1 of the Realm of Zot
 78972 | Zot:4    | Reached skill level 10 in Dodging
 80075 | Zot:5    | Entered Level 5 of the Realm of Zot
 80465 | Zot:5    | Noticed an ancient lich
 80465 | Zot:5    | Killed a dread lich
 80479 | Zot:5    | Noticed a Killer Klown
 80480 | Zot:5    | Noticed an orb of fire
 80481 | Zot:5    | Noticed a Killer Klown
 80481 | Zot:5    | Noticed a Killer Klown
 80498 | Zot:5    | Killed a Killer Klown
 80523 | Zot:5    | Reached XP level 26. HP: 177/177 MP: 49/49
 80535 | Zot:5    | Got the Orb of Zot
 80572 | Zot:5    | Killed an orb of fire
 80578 | Zot:5    | Killed a Killer Klown
 80585 | Zot:5    | Killed an orb of fire
 80591 | Zot:5    | Killed a dread lich
 80595 | Zot:5    | Killed a Killer Klown
 80598 | Zot:5    | Killed an orb of fire
 80602 | Zot:5    | Killed a Killer Klown
 80610 | Zot:5    | Noticed Ydwecang the pandemonium lord
 81317 | D:1      | Noticed Ameev the pandemonium lord
 81338 | D:$      | Escaped with the Orb!

Illustrated notes

Levels and vault maps discovered:
D:1:      reono_arrival_forest_river, layout_rooms, serial_shops,
          nicolae_shop_tiny_real_fake_doors, nicolae_ecumenical_lake_church
D:2:      layout_basic, basic_altar, minmay_pentomino_v4, uniq_sigmund
D:3:      layout_loops_ring, mainiacjoe_overflow_tiny_flanked,
          mainiacjoe_overflow_brackets, serial_shops, nicolae_lakefront_shop,
          nicolae_shop_real_fake_doors, nicolae_shop_hallway_plus, shop,
          gup_sewer_entry_bowl, st_stairs_1
D:4:      layout_loops_corners, serial_shops, shop, uniq_duvessa
D:5:      layout_basic, kennysheep_mini_moat, gammafunk_ghost_arena,
          corexii_shack
D:6:      layout_rooms, nicolae_sif_muna_little_library, general_overflow_altar,
          minmay_temple_entry_butterflies
D:7:      layout_rooms, enter_bailey_5, chequers_serial_rivers_small_3
D:8:      layout_cave_pools, lemuel_doored_altar
D:9:      layout_irregular_city, kennysheep_generic_room_6
D:10:     layout_grid_maze, dpeg_oklobed_lair, serial_shops,
          nicolae_shop_statue_plus
D:11:     layout_roguey, kennysheep_donut, minmay_protected_statue
D:12:     layout_grid_maze, orc_0_dummy, uniq_rupert
D:13:     layout_basic, uniq_josephine
D:14:     layout_roguey, david_vaults_5, good_gods_temple_1, hex_medium,
          grunt_dithmenos_shadows, uniq_frances
D:15:     grunt_enter_depths_hoard, layout_loops_ring, nicolae_ru_path_of_blood,
          uniq_kirke
Temple:   nicolae_temple_superstar
Lair:1:   layout_cave_pods, hibernation_bobbens, grunt_megastairs_2,
          infiniplex_staircase_pool
Lair:2:   layout_roguey, uniq_gastronok
Lair:3:   layout_loops_ring, mainiacjoe_swamp_entry_lozenge_pond,
          nicolae_spider_entry_orb_guardian, gauntlet_entry_generic
Lair:4:   layout_long_grid, dpeg_slime_entry_corner
Lair:5:   minmay_lair_end_enchanted_forest, layout_layer_cave, uniq_snorg
Swamp:1:  layout_basic_swamp, evilmike_swamp_ruin_house_6
Swamp:2:  layout_falls_marsh, nicolae_swamp_dense_foliage, swamp_pool_4
Swamp:3:  layout_basic_swamp, nicolae_swamp_treefoil
Swamp:4:  swamp, layout_basic_swamp, portal_ice_cave_entry_ugly_swarm,
          swamp_pool_1_2
Spider:1: nicolae_spider_hall_of_the_moth_king
Spider:2: lemuel_spider_zombies, uniq_mlioglotl
Spider:3: layout_cave_pods
Spider:4: grunt_spider_rune_circles, nicolae_spider_orb_run, uniq_nikola
Orc:1:    layout_caves, uniq_urug
Orc:2:    grunt_orc_tribal_feast, layout_diamond_mine
Vaults:1: vaults_mumra_minichess, lightli_orcish_oven,
          nicolae_vaults_octothorpe, nicolae_vaults_steering_wheel,
          dpeg_vaults_monster_box, ontoclasm_vaults_misaligned,
          hangedman_vaults_cutoff, grunt_vaults_bifocal,
          nicolae_vaults_closet_pinwheel_5, ontoclasm_vaults_idyll,
          layout_vaults_ring, serial_shops, nicolae_diamond_shop, uniq_aizul
Vaults:2: v_pattern_4, v_alt_pattern_4, minmay_crypt_entry_simple_round,
          grunt_vaults_swirl, nicolae_vaults_surprise_closet, v_misc_23,
          nicolae_vaults_turnstiles, v_alt_pattern_3, ontoclasm_vaults_shuriken,
          layout_vaults_omnigrid, uniq_margery
Vaults:3: ontoclasm_vaults_ring_large, vaults_dpeg_encased_lava,
          vaults_dpeg_emergency_exit, nicolae_vaults_alarming,
          vaults_room_corners, nicolae_vaults_door_testing_chamber,
          nicolae_vaults_cochlea, hangedman_vaults_stretched_pinwheel,
          v_pattern_5, nicolae_vaults_sightless_eye, hangedman_vaults_nails,
          v_misc_25, nicolae_vaults_tetromino_T_2, layout_vaults_omnicross
Vaults:4: nicolae_vaults_storage_room_statues, nooodl_orcs_dogs,
          nicolae_vaults_storage_closets_3, v_rooms_6, grunt_vaults_twisty,
          nicolae_vaults_weapon_check, ontoclasm_vaults_ring_large,
          vaults_standard_mumra_lines, hangedman_vaults_snaps,
          vaults_room_stairs_pillars, grunt_vaults_diagonal,
          nicolae_vaults_little_squares_3, layout_vaults_maze
Vaults:5
Depths:1: layout_basic, nicolae_uskayaw_suspiria, hellmouth_3, serial_shops,
          bzr_entry_dummy, nicolae_shop_hallway_plus, shop,
          nicolae_shop_hallway_plus, shop, rand_demon_pan_entry_9, st_stairs_6,
          serial_library_hellmonk_secret_room, minmay_librarian
Depths:2: minmay_the_grid_net [minmay_the_grid_pillar_ring,
          minmay_the_grid_stretched_grid, minmay_the_grid_minigrid_small,
          minmay_the_grid_holed_spiral, minmay_the_grid_slots,
          minmay_the_grid_prize_inner_circle], layout_honeycomb,
          enter_ziggurat_e, serial_shops, kennysheep_mini, hell_entry,
          rand_demon_pan_entry_4, abyss_entry_flame_altar,
          infiniplex_staircase_split_hallway, uniq_bai_suzhen, uniq_vv
Depths:3: minmay_five_octagons, layout_cave_shapes, hell_entry,
          abyss_entry_crystal, special_room [special_room_jelly],
          kennysheep_generic_room_10
Depths:4: evilmike_zot_entry_hall, layout_gridlike, hell_entry,
          serial_sigils_hangedman_leer, grunt_megastairs_5
Zot:1:    layout_misc_corridors
Zot:2:    layout_concentric_octagons, grunt_ministairs_9,
          lemuel_baited_zot_trap, uniq_grunn
Zot:3:    layout_gridlike, zot_minivault_4
Zot:4:    layout_twisted_circle, regret_index_zotdec_twisting_globes
Zot:5:    layout_gridlike, regret_index_zotdec_zees

Skill      XL: |  1  2  3  4  5  6  7  8  9 10 11 12 13 14 15 16 17 18 19 20 21 22 23 24 25 |
---------------+----------------------------------------------------------------------------+-----
Earth Magic    | 4 5 6 7 8 9 10 11 13 14 16 17 18 20 21 22 | 22.0
Conjurations   | 2 3 4 5 6 7 8 9 |  9.0
Fighting       | 1 2 4 5 7 9 11 12 13 14 15 16 17 18 19 20 21 | 21.2
Translocations | 1 2 5 |  5.0
Armour         | 1 3 4 6 8 |  8.0
Spellcasting   | 3 4 5 6 9 10 12 13 14 15 16 17 18 19 20 21 22 | 22.5
Dodging        | 2 4 5 8 10 | 10.0
Alchemy        | 1 3 4 5 |  5.0
Air Magic      | 1 2 4 5 7 9 11 13 14 15 | 15.0
Shields        | 4 5 6 |  6.2
Evocations     | 3 4 5 6 7 8 9 10 11 | 11.6
Necromancy     | 3 5 6 |  6.0
Summonings     | 3 4 5 7 |  7.0
Stealth        | |  2.1

Action                     |  1- 3 |  4- 6 |  7- 9 | 10-12 | 13-15 | 16-18 | 19-21 | 22-24 | 25-27 || total
---------------------------+-------+-------+-------+-------+-------+-------+-------+-------+-------++-------
  Melee: Spear             |       |       |       |     3 |    20 |       |       |       |       ||    23
         Trident           |       |       |       |       |    79 |       |       |       |       ||    79
         Broad axe         |       |       |       |       |   160 |   306 |   167 |       |       ||   633
         Short sword       |       |       |       |       |       |       |   115 |    55 |       ||   170
         Staff             |       |       |       |       |       |       |       |     6 |    47 ||    53
   Fire: Sling             |    36 |    83 |       |       |       |       |       |       |       ||   119
         Arbalest          |       |       |    96 |    31 |       |       |       |       |       ||   127
  Throw: Dart              |       |       |       |       |     6 |       |       |       |       ||     6
         Throwing net      |       |       |       |       |     1 |       |       |       |       ||     1
   Cast: Sandblast         |    32 |    47 |    90 |   123 |   138 |    17 |    13 |    11 |     1 ||   472
         Stone Arrow       |       |       |    19 |    28 |   104 |    90 |    50 |    20 |     4 ||   315
         Olgreb's Toxic Ra |       |       |     6 |    36 |   115 |    97 |    32 |     3 |     2 ||   291
         Mercury Vapours   |       |       |     3 |     3 |     3 |       |       |       |       ||     9
         Blink             |       |       |       |     3 |     1 |     6 |     5 |     1 |     1 ||    17
         Borgnjor's Vile C |       |       |       |       |   167 |   274 |   173 |    64 |    27 ||   705
         Ignite Poison     |       |       |       |       |    23 |    63 |    34 |       |       ||   120
         Bombard           |       |       |       |       |    14 |    68 |    69 |    22 |       ||   173
         Iskenderun's Batt |       |       |       |       |     5 |     6 |       |       |       ||    11
         Summon Forest     |       |       |       |       |       |    15 |     1 |       |       ||    16
         Summon Cactus Gia |       |       |       |       |       |     2 |    16 |       |       ||    18
         Shatter           |       |       |       |       |       |       |    99 |   168 |    49 ||   316
         Yara's Violent Un |       |       |       |       |       |       |     2 |     3 |     1 ||     6
         Death Channel     |       |       |       |       |       |       |     1 |    10 |     6 ||    17
         Maxwell's Capacit |       |       |       |       |       |       |       |     1 |     9 ||    10
         Dispersal         |       |       |       |       |       |       |       |     1 |     5 ||     6
         Lehudib's Crystal |       |       |       |       |       |       |       |    26 |    53 ||    79
 Invoke: Call Merchant     |       |       |       |       |     2 |       |     1 |       |       ||     3
         Potion Petition   |       |       |       |       |       |       |       |     5 |     3 ||     8
         Bribe Branch      |       |       |       |       |       |       |       |       |     2 ||     2
  Evoke: Wand              |       |       |     2 |       |     9 |    33 |     6 |    49 |     4 ||   103
         Gell's gravitambo |       |       |       |       |     3 |     3 |     1 |       |       ||     7
         Sack of spiders   |       |       |       |       |     1 |     1 |     1 |     1 |       ||     4
         Lightning rod     |       |       |       |       |       |     5 |       |       |       ||     5
         Condenser vane    |       |       |       |       |       |     1 |     1 |       |       ||     2
    Use: Scroll            |       |     3 |    12 |     2 |    14 |     7 |     4 |     3 |     7 ||    52
         Potion            |       |       |     1 |     1 |     4 |     2 |     1 |     8 |     4 ||    21
   Stab: Distracted        |       |       |       |       |     2 |     3 |     2 |     1 |       ||     8
 Armour: Robe              |     4 |       |    56 |   116 |   412 |   697 |   539 |    25 |       ||  1849
         Leather armour    |     1 |    22 |     1 |       |       |       |       |       |       ||    24
         Troll leather arm |       |       |       |       |       |       |       |   233 |   200 ||   433
         Skin              |       |       |       |       |       |       |       |    37 |       ||    37
  Dodge: Dodged            |     3 |    14 |    62 |    80 |   256 |   333 |   226 |   109 |    68 ||  1151
  Block: Buckler           |       |       |       |     1 |   167 |   476 |   422 |   125 |    83 ||  1274
         Reflection        |       |       |       |       |       |    21 |    46 |    11 |     2 ||    80

Table legend: (Time is in decaauts)
 A = Elapsed time spent in this place.
 B = Non-inter-level travel time spent in this place.
 C = Inter-level travel time spent in this place.
 D = Time resting spent in this place.
 E = Time spent auto-exploring this place.
 F = Levels seen in this place.
 G = Mean time per level.
                   A        B        C        D        E       F      G
               +--------+--------+--------+--------+--------+-----+--------+
         Total |  82430 |  77853 |   4577 |  12870 |  51178 |  49 | 1682.2 |
       Dungeon |  21454 |  18923 |   2531 |   1597 |  13717 |  15 | 1430.3 |
        Temple |      1 |      1 |      0 |      0 |      0 |   1 |    1.0 |
          Lair |  11044 |  10435 |    609 |   1092 |   7748 |   5 | 2208.8 |
         Swamp |   5600 |   5426 |    174 |    812 |   3825 |   4 | 1400.0 |
   Spider Nest |  11508 |  11191 |    317 |   2511 |   6715 |   4 | 2877.0 |
  Orcish Mines |   2776 |   2696 |     80 |    261 |   1990 |   2 | 1388.0 |
        Vaults |  13981 |  13568 |    413 |   2108 |   9408 |   5 | 2796.2 |
        Depths |  11114 |  10780 |    334 |   2802 |   6406 |   4 | 2778.5 |
           Zot |   2622 |   2504 |    118 |   1195 |    558 |   5 |  524.4 |
        Bazaar |    228 |    228 |      0 |      0 |    214 |   1 |  228.0 |
         Sewer |    951 |    951 |      0 |     78 |    433 |   1 |  951.0 |
        Bailey |    415 |    415 |      0 |    104 |     50 |   1 |  415.0 |
      Gauntlet |    731 |    731 |      0 |    309 |    111 |   1 |  731.0 |
               +--------+--------+--------+--------+--------+-----+--------+

Top non-repeatable levels by time:
Spider:4: 4457 daAuts
Spider:1: 3576 daAuts
Vaults:2: 3444 daAuts
Vaults:1: 3362 daAuts
Vaults:3: 3268 daAuts
Depths:1: 3068 daAuts
  Lair:5: 2965 daAuts
Depths:4: 2947 daAuts
    D:15: 2789 daAuts
Depths:2: 2779 daAuts
  Lair:3: 2736 daAuts
Vaults:4: 2338 daAuts
Depths:3: 2318 daAuts
  Lair:1: 2187 daAuts
Spider:2: 2170 daAuts
